 Dungeon Crawl Stone Soup version 0.27.1-33-g824d729ab1 (webtiles) character file.

Game seed: 14846242413272113887

15517 comborobin the Blocker (level 11, -3/99 HPs)
             Began as a Demigod Delver on Dec 28, 2021.
             Slain by a cane toad (21 damage)
             ... on level 1 of the Lair of Beasts.
             The game lasted 00:29:49 (12392 turns).

comborobin the Blocker (Demigod Delver)            Turns: 12392, Time: 00:29:49

Health: -3/99      AC:  6    Str: 17    XL:     11   Next: 70%
Magic:  14/14      EV: 17    Int: 12    God:
Gold:   254        SH: 14    Dex: 27    Spells: 8/10 levels left

rFire    + . .     SeeInvis +   a - +0 war axe (elec)
rCold    + . .     Faith    .   O - +0 kite shield
rNeg     . . .     Spirit   .   L - +0 steam dragon scales
rPois    .         Reflect  .   v - +0 hat
rElec    .         Harm     .   I - +0 cloak
rCorr    .         Rampage  .   j - +2 pair of gloves
Will     +....     Rnd*Tele +   (no boots)
Stlth    +++.......             m - amulet of regeneration
HPRegen  1.26/turn              Z - ring of Pagya {*Slow rF+ rC+ Str+4}
MPRegen  0.14/turn              d - ring of see invisible

@: about to teleport, marked
A: high mp 1, forlorn, horns 1, deformed body, teleportitis 1
a: no special abilities


You were on level 1 of the Lair of Beasts.
You visited 2 branches of the dungeon, and saw 13 of its levels.
You also visited: Bailey.

You collected 757 gold pieces.
You spent 503 gold pieces at shops.

Inventory:

Hand Weapons
 a - a +0 war axe of electrocution (weapon)
 b - a +3 scimitar of flaming
 f - the +2 dagger of Bodily Harmony {elec, Drain Int+9}
   (You found it in a bailey)

   It occasionally discharges a powerful burst of electricity upon striking a
   foe.
   Int:       It affects your intelligence (+9).
   Drain:     It drains your maximum health when unequipped.
 r - a +5 halberd of freezing
 t - a +0 hand axe
 A - a +0 flail
 B - a +0 halberd
 F - a +0 long sword
 G - a +0 scimitar
 H - a +0 broad axe
 N - the +5 dagger of Mourning {flame, rC+ Str+4 Int+3}
   (You found it on level 10 of the Dungeon)

   It burns those it strikes, dealing additional fire damage.
   Str:       It affects your strength (+4).
   Int:       It affects your intelligence (+3).
   rC:        It protects you from cold.
 R - a +0 short sword
 T - a +0 vampiric hand axe
Missiles
 p - 5 javelins (quivered)
 W - 43 boomerangs
Armour
 j - a +2 pair of gloves (worn)
 v - a +0 hat (worn)
 y - a +0 buckler of reflection
 I - a +0 cloak (worn)
 L - +0 steam dragon scales (worn)
 M - a +1 leather armour
 O - a +0 kite shield (worn)
 Y - a +2 plate armour of fire resistance
Magical Staves
 z - a staff of fire
Jewellery
 d - a ring of see invisible (right hand)
 m - an amulet of regeneration (around neck)
 D - a +4 ring of protection
 E - a ring of fire
 S - a ring of fire
 Z - the ring of Pagya (left hand) {*Slow rF+ rC+ Str+4}
   (You bought it in a shop on level 3 of the Dungeon)

   [ring of protection from cold]

   Str:       It affects your strength (+4).
   rF:        It protects you from fire.
   rC:        It protects you from cold.
   *Slow:     It may slow you when you take damage.
Wands
 g - a wand of digging (5)
 l - a wand of polymorph (6)
 w - a wand of flame (28)
 X - a wand of iceblast (6)
Scrolls
 c - a scroll of fog
 i - 14 scrolls of identify
 n - a scroll of vulnerability
 u - 2 scrolls of magic mapping
 C - 3 scrolls of teleportation
 J - a scroll of enchant armour
 K - a scroll of amnesia
 V - a scroll of immolation
Potions
 h - a potion of lignification
 k - 2 potions of flight
 o - 2 potions of cancellation
 q - 2 potions of resistance {unknown}
 s - 2 potions of brilliance
 x - 2 potions of curing {unknown}
 P - a potion of berserk rage {unknown}
 Q - a potion of magic {unknown}
 U - a potion of heal wounds


   Skills:
 - Level 10.0 Fighting
 - Level 1.9(4.8) Short Blades
 - Level 7.0(7.1) Long Blades
 + Level 5.9(6.5) Axes
 - Level 4.0(5.5) Polearms
 - Level 1.1 Armour
 - Level 6.2 Dodging
 - Level 4.5 Stealth
 - Level 12.5 Shields
 - Level 3.0 Evocations


You had 8 spell levels left.
You knew the following spells:

 Your Spells              Type           Power      Damage    Failure   Level
w - Passwall              Tmut/Erth      0%         N/A       56%         2

Your spell library contained the following spells:

 Spells                   Type           Power      Damage    Failure   Level
 Magic Dart               Conj           0%         1d3       41%         1
 Searing Ray              Conj           0%         3d3       56%         2
 Swiftness                Air            0%         N/A       80%         3
 Fulminant Prism          Conj/Hex       0%         3d6       99%         4
 Alistair's Intoxication  Tmut/Pois      0%         N/A       100%        5
 Borgnjor's Vile Clutch   Necr/Erth      0%         N/A       100%        5
 Eringya's Noxious Bog    Tmut/Pois      0%         N/A       100%        6
 Invisibility             Hex            0%         N/A       100%        6


Dungeon Overview and Level Annotations

Branches:
Dungeon (11/15)            Temple (0/1) D:4            Lair (2/6) D:11
 Bailey (visited)
  Swamp: Lair:2-4    Shoals: Lair:2-4     Snake: Lair:2-4    Spider: Lair:2-4
    Orc: D:9-12

Shops:
D:2 [   D:3 =   D:6 [

Annotations:
D:10 exclusion: moth of wrath


Innate Abilities, Weirdness & Mutations

Your attributes grow dramatically as you level up.
You have an increased reservoir of magic. (+10% MP)
You shall have no god before yourself.
You have a pair of small horns on your head.
Armour fits poorly on your strangely shaped body.
You are occasionally teleported next to monsters.


Message History

The black mamba bites you but does no damage.
The black mamba bites you! The basilisk gazes at you.
You easily resist.
The black mamba bites you but does no damage. x2
A basilisk comes into view.
The basilisk bites you but does no damage.
The black mamba bites you!
The black mamba bites you but does no damage.
The basilisk bites you but does no damage.
The black mamba bites you! The cane toad completely misses you.
The black mamba bites you. The basilisk bites you!
The wyvern completely misses you. The cane toad stings you!
The black mamba bites you! The wyvern bites you! The basilisk gazes at you.
You easily resist.
The cane toad stings you but does no damage.
The black mamba bites you!
You turn to flesh and can move again.
Unknown command.
Unknown command.
Unknown command.
Unknown command.
Okay, then.
As you read the scroll of teleportation, it crumbles to dust.
You feel strangely unstable. You block the wyvern's attack.
You block the black mamba's attack. The cane toad barely misses you.
The basilisk bites you!
* * * LOW HITPOINT WARNING * * *
You block the wyvern's attack.
Unknown command.
The black mamba bites you!
* * * LOW HITPOINT WARNING * * *
You block the cane toad's attack. You block the wyvern's attack.
The basilisk gazes at you.
You easily resist.
Unknown command.
Unknown command.
The cane toad stings you!!
You die...

** *,,,** ****.............., *
*,,,* *#.............. **
**,,,* #..#,.......... ,**
**,,,,* #..###.........
,,***,,,,.#** #...#...#.....,
,,,,,,,,,...#**
##l..........#**
,,*,**,,,*#...####...........#*
*,****,,***#....PS.l.........#
*** *,,,* ###..@Fl.........###
**,,** #...###..........### *
*,,,* *#..##*#.....#......# **
*,,** #..#* #.l.....###....
,***,,* *#..* #...##..#*##...
,,,,,** #..#* #...##...**###.
*,,,,* #.#* #..#*##.#.* *##
**,,,**** *#.* #.,,* #.,** *,*
**,,,**,* *,** *,*** **,,***,.


You could see a black mamba, a cane toad, 2 basilisks and a wyvern.

Vanquished Creatures
  2 boulder beetles
  Erica (Lair:1)
  A centaur warrior (D:11)
  2 two-headed ogres
  Nergalle (D:10)
  2 orc knights (Bailey)
  An ugly thing (D:11)
  A cyclops (D:11)
  A centaur zombie (D:11)
  A black mamba (Lair:1)
  A cane toad (Lair:1)
  3 komodo dragons
  An efreet (D:9)
  A shadow (D:11)
  13 yaks
  A wyvern (D:9)
  A steam dragon (D:8)
  4 water moccasins
  10 orc warriors
  2 sky beasts
  2 hornet zombies (D:8)
  A necrophage (D:5)
  An ogre (D:5)
  6 centaurs
  2 kobold brigands (D:8)
  5 bullfrogs
  2 scorpions (D:6)
  A gnoll sergeant (D:8)
  A water moccasin skeleton (D:5)
  11 killer bees
  4 wights
  12 howler monkeys
  A bullfrog skeleton (D:6)
  A gnoll shaman (D:7)
  3 jellies
  6 orc priests
  A bullfrog zombie (D:6)
  Natasha (thrice) (D:3)
  11 orc wizards
  2 hound skeletons (D:4)
  2 howler monkey zombies
  2 howler monkey skeletons
  8 adders
  12 gnolls
  A shadow imp (D:8)
  2 ufetubi
  3 dart slugs
  32 orcs
  A bat skeleton (D:2)
  7 endoplasms
  3 giant cockroaches
  11 goblins
  12 hobgoblins
  5 quokkas
  10 ball pythons
  A ball python skeleton (D:2)
  7 bats
  4 frilled lizards
  28 kobolds
  3 rats
280 creatures vanquished.

Vanquished Creatures (others)
  10 fungi
  8 plants
18 creatures vanquished.

Grand Total: 298 creatures vanquished

Notes
Turn   | Place    | Note
-------+----------+-------------------------------------------
     0 | D:5      | comborobin the Demigod Delver began the quest for the Orb.
     0 | D:5      | Reached XP level 1. HP: 18/18 MP: 3/3
    79 | D:4      | Noticed a howler monkey
   292 | D:3      | Noticed Natasha
   346 | D:2      | Reached XP level 2. HP: 25/26 MP: 4/4
   838 | D:1      | Reached XP level 3. HP: 33/33 MP: 5/5
  1195 | D:2      | Found Veaphely's Armour Shoppe.
  1967 | D:2      | Reached XP level 4. HP: 40/40 MP: 6/6
  2163 | D:3      | Found Ibbiclut's Jewellery Shop.
  2246 | D:3      | Killed Natasha
  2327 | D:3      | Noticed Natasha
  2339 | D:3      | Killed Natasha
  2340 | D:3      | Reached skill level 5 in Fighting
  2820 | D:3      | Found Ibbiclut's Jewellery Shop.
  2882 | D:3      | Noticed Natasha
  2913 | D:3      | Killed Natasha
  2914 | D:3      | Reached XP level 5. HP: 27/48 MP: 7/7
  3287 | D:4      | Found a staircase to the Ecumenical Temple.
  3651 | D:4      | Reached skill level 1 in Evocations
  3656 | D:4      | Reached XP level 6. HP: 57/57 MP: 8/8
  4786 | D:5      | Reached skill level 1 in Polearms
  4786 | D:5      | Reached XP level 7. HP: 47/62 MP: 9/9
  5416 | D:6      | Learned a level 2 spell: Passwall
  5912 | D:6      | Noticed a boulder beetle
  5962 | D:6      | Killed a boulder beetle
  5963 | D:6      | Reached XP level 8. HP: 73/73 MP: 10/10
  6218 | D:6      | Found Puykoutu's Armour Shoppe.
  6221 | D:6      | Bought a +0 buckler of reflection for 85 gold pieces
  6273 | D:6      | Reached skill level 1 in Shields
  6730 | D:7      | Reached skill level 2 in Shields
  7011 | D:7      | Reached skill level 1 in Long Blades
  7011 | D:7      | Reached skill level 3 in Shields
  7722 | D:6      | Reached XP level 9. HP: 77/80 MP: 11/11
  7762 | D:8      | Noticed a two-headed ogre
  7858 | D:7      | Killed a two-headed ogre
  7859 | D:7      | Reached skill level 5 in Long Blades
  7859 | D:7      | Reached skill level 4 in Shields
  7940 | D:8      | Noticed a tengu conjurer
  8277 | D:8      | Reached skill level 1 in Armour
  8686 | D:9      | Reached skill level 5 in Shields
  8696 | D:9      | Reached skill level 6 in Shields
  8696 | D:9      | Reached XP level 10. HP: 63/88 MP: 13/13
  8824 | D:9      | Reached skill level 7 in Shields
  8945 | D:9      | Reached skill level 1 in Axes
  9314 | D:10     | Entered Level 10 of the Dungeon
  9321 | D:10     | Identified the +5 dagger of Mourning {flame, rC+ Str+4
                  | Int+3}
  9385 | D:10     | Noticed Nergalle
  9394 | D:10     | Killed Nergalle
  9435 | D:10     | Noticed a moth of wrath
  9563 | D:10     | Found a flagged portal.
  9569 | Bailey   | Entered a bailey
  9575 | Bailey   | Noticed an orc knight
  9812 | Bailey   | Reached skill level 5 in Axes
  9860 | Bailey   | Noticed an orc knight
 10093 | Bailey   | Killed an orc knight
 10141 | Bailey   | Killed an orc knight
 10285 | Bailey   | Identified the +2 dagger of Bodily Harmony {elec, Drain
                  | Int+9}
 10789 | D:11     | Noticed a boulder beetle
 10816 | D:11     | Killed a boulder beetle
 10817 | D:11     | Reached skill level 8 in Shields
 10817 | D:11     | Reached XP level 11. HP: 95/95 MP: 14/14
 10830 | D:11     | Noticed a centaur warrior
 10856 | D:11     | Reached skill level 9 in Shields
 10862 | D:11     | Killed a centaur warrior
 10863 | D:11     | Reached skill level 10 in Shields
 10977 | D:11     | Noticed a two-headed ogre
 10991 | D:11     | Killed a two-headed ogre
 10992 | D:11     | Reached skill level 11 in Shields
 11070 | D:11     | Gained mutation: Armour fits poorly on your strangely
                  | shaped body. [potion of mutation]
 11070 | D:11     | Gained mutation: You are occasionally teleported next to
                  | monsters. [potion of mutation]
 11070 | D:11     | Gained mutation: You have a pair of small horns on your
                  | head. [potion of mutation]
 11186 | D:11     | Reached skill level 12 in Shields
 11577 | D:11     | Found a staircase to the Lair.
 11885 | D:3      | Bought the ring of Pagya {*Slow rF+ rC+ Str+4} for 418 gold
                  | pieces
 12067 | Lair:1   | Entered Level 1 of the Lair of Beasts
 12132 | Lair:1   | Noticed Erica
 12141 | Lair:1   | Killed Erica
 12354 | Lair:1   | Reached skill level 10 in Fighting
 12392 | Lair:1   | Slain by a cane toad

Illustrated notes

Levels and vault maps discovered:
D:1:      onia_arrival_mini_spirals, layout_basic
D:2:      layout_basic, serial_shops, nicolae_shop_behind_doors, serial_undead,
          serial_undead_d, serial_undead_e, serial_undead_d, serial_undead_e,
          basic_altar, hangedman_feature_mirror, minmay_snake_closets
D:3:      layout_basic, mainiacjoe_overflow_big_doors,
          mainiacjoe_overflow_paths, serial_shops, nicolae_shop_trees,
          minmay_cupped, uniq_natasha
D:4:      layout_rooms, nicolae_tso_swordbearing_angel, kennysheep_mini_moat,
          mainiacjoe_overflow_concentric_impassable, minmay_temple_entry_waves,
          serial_co_window_serial, co_window_corner_a, co_window_paths_a,
          co_window_paths_a, co_window_corner_a, co_window_corner_a,
          co_window_2corner, co_window_broadway_c, co_window_unsneaky_path_c,
          co_window_4corner_a
D:5:      layout_cave_pods, gammafunk_temple_overflow_elements
D:6:      layout_loops_corners, serial_shops, nicolae_shop_crystal,
          minmay_manual_maat
D:7:      layout_basic
D:8:      layout_rooms, nicolae_vehumet_altar_sigil,
          onia_ninara_dug_in_and_dangerous
D:9:      layout_basic
D:10:     layout_cave_pools, tgw_trog, enter_bailey_3, billiards_dpeg,
          uniq_nergalle
D:11:     layout_basic, grunt_lair_entry_orc_guard_hut,
          okawaru_altar_gauntlet_db
Lair:1:   layout_layer_cave, gauntlet_entry_generic, uniq_erica
Lair:2:   layout_roguey, minmay_shoals_entry_beasts

Skill      XL: |  1  2  3  4  5  6  7  8  9 10 11 |
---------------+----------------------------------+-----
Fighting       | 3 4 5 7 8 10 | 10.0
Dodging        | 2 4 6 |  6.2
Evocations     | 1 2 3 |  3.0
Polearms       | 1 4 |  4.0
Shields        | 3 6 8 12 | 12.5
Long Blades    | 2 7 |  7.0
Armour         | 1 |  1.1
Axes           | 5 |  5.9
Short Blades   | |  1.9
Stealth        | |  4.5

Action                   |  1- 3 |  4- 6 |  7- 9 | 10-12 || total
-------------------------+-------+-------+-------+-------++-------
Melee: Short sword       |   153 |   163 |       |       ||   316
       Unarmed           |       |    12 |     9 |       ||    21
       Halberd           |       |     2 |    85 |       ||    87
       Long sword        |       |       |    58 |       ||    58
       Flail             |       |       |    32 |       ||    32
       Scimitar          |       |       |   209 |    90 ||   299
       War axe           |       |       |       |   373 ||   373
       Headbutt          |       |       |       |    55 ||    55
Throw: Javelin           |       |    49 |     7 |       ||    56
Evoke: Wand              |       |     4 |    21 |    24 ||    49
  Use: Scroll            |     7 |       |     4 |    11 ||    22
       Potion            |       |     2 |     2 |     7 ||    11
 Stab: Sleeping          |    17 |     4 |     5 |     4 ||    30
       Distracted        |       |       |       |     2 ||     2
Armor: Leather armour    |    59 |    74 |    91 |       ||   224
       Skin              |       |    12 |     2 |       ||    14
       Steam dragon scal |       |       |    21 |   143 ||   164
Dodge: Dodged            |    93 |   115 |   317 |   324 ||   849
Block: Buckler           |       |       |    84 |       ||    84
       Kite shield       |       |       |    35 |   380 ||   415
       Reflection        |       |       |     1 |       ||     1
       Rpst.: Long sword |       |       |    12 |       ||    12
       Scimitar          |       |       |    41 |    18 ||    59
